 Dungeon Crawl Stone Soup version 0.30-a0-916-g9813417 (webtiles) character file.

Game seed: 15815188392762664849

44 Dorkslayer the Covered (level 3, -4/34 HPs)
             Began as a Gargoyle Fighter on Apr 16, 2023.
             Slain by an iguana (9 damage)
             ... on level 2 of the Dungeon.
             The game lasted 00:03:44 (988 turns).

Dorkslayer the Covered (Gargoyle Fighter)            Turns: 988, Time: 00:03:45

Health: -4/34      AC: 21    Str: 17 (19) XL:     3   Next: 60%
Magic:  3/3        EV:  2    Int:  5 (8)  God:
Gold:   69         SH:  4    Dex: 10 (11) Spells: 2/2 levels left

rFire   . . .      SeeInvis .    a - +0 war axe
rCold   . . .      Faith    .    c - +0 buckler
rNeg    + . .      Spirit   .    b - melded +0 scale mail
rPois   ∞          Reflect  .    (helmet currently unavailable)
rElec   .          Rampage  .    (cloak currently unavailable)
rCorr   .          NoTele   +    (gloves currently unavailable)
Will    .....                    (boots currently unavailable)
Stlth   +                        (no amulet)
HPRegen 0.25/turn                (no ring)
MPRegen 0.08/turn                (no ring)

@: tree-form
A: stationary, stasis, torment immunity, boosted hp, sickness immunity, AC +3,
negative energy resistance 1, (electricity resistance), torment resistance 1,
petrification resistance
a: no special abilities


You were on level 2 of the Dungeon.
You were a tree.
You visited 1 branch of the dungeon, and saw 2 of its levels.

You collected 69 gold pieces.

Inventory:

Hand Weapons
 a - a +0 war axe (weapon)
Armour
 b - a +0 scale mail (melded)
 c - a +0 buckler (worn)
Jewellery
 l - a ring of wizardry
Scrolls
 f - 2 scrolls of immolation
 g - a scroll of teleportation {unknown}
 i - a scroll of vulnerability {unknown}
 k - a scroll of magic mapping {unknown}
 m - a scroll of butterflies {unknown}
 n - 2 scrolls of identify {unknown}
Potions
 d - a potion of might


   Skills:
 + Level 3.6 Fighting
 + Level 2.1 Axes
 + Level 3.6 Armour
 * Level 1.3 Dodging
 + Level 3.5 Shields


You had 2 spell levels left.
You didn't know any spells.
Your spell library was empty.

Dungeon Overview and Level Annotations

Branches:
Dungeon (2/15)

Altars:


Innate Abilities, Weirdness & Mutations

You are a tree.
Your roots penetrate the ground, keeping you stationary.
You cannot be teleported.
You are immune to unholy pain and torment.
Your maximum health is greatly increased.
Your equipment is partially melded.
You are immune to sickness and miasma.
((Your stone body is resilient. (AC +3)))
You are immune to poison.
You resist negative energy. (rN+)
((You are resistant to electric shocks. (rElec)))
You are resistant to unholy torment.
You are immune to petrification.


Message History

The iguana bites you but does no damage.
You slash the iguana!
The iguana is heavily wounded.
You block the iguana's attack. The iguana bites you!
The iguana attacks as you move away!
The iguana bites you but does no damage.
You closely miss the iguana.
The iguana is heavily wounded.
The iguana bites you! The iguana bites you.
* * * LOW HITPOINT WARNING * * *
You hit the iguana.
The iguana is severely wounded.
The iguana barely misses you.
You closely miss the iguana.
The iguana is severely wounded.
You block the iguana's attack. The iguana closely misses you.
Unknown command.
It was a potion of lignification.
You turn into a tree.
Your +0 scale mail melds into your body.
Your roots penetrate the ground.
The iguana bites you but does no damage.
It was a potion of degeneration.
There was something very wrong with that liquid.
You feel weakened.
You feel dopey.
You feel clumsy.
The iguana bites you but does no damage.
It was a potion of flight.
Your roots keep you in place.
The iguana bites you but does no damage.
It was a potion of magic.
Magic courses through your body. The iguana bites you.
* * * LOW HITPOINT WARNING * * *
Unknown command.
You aren't carrying any items that you can evoke.
You barely miss the iguana.
The iguana is severely wounded.
You block the iguana's attack.
You hit the iguana.
The iguana is severely wounded.
The iguana bites you!
You die...

.........#
......[..#
.........#
..$......#
.....w...#
.........#
########w#
#l# #♣#
#.# #.#
#.# #.#
#<# ###


You could see an iguana and a dart slug.

Vanquished Creatures
  3 dart slugs (D:1)
  5 endoplasms (D:1)
  2 giant cockroaches (D:1)
  4 goblins (D:1)
  4 hobgoblins (D:1)
  4 kobolds (D:1)
  2 quokkas (D:1)
  2 bats (D:1)
  3 frilled lizards (D:1)
  5 rats (D:1)
34 creatures vanquished.

Notes
Turn   | Place    | Note
-------+----------+-------------------------------------------
     0 | D:1      | Dorkslayer the Gargoyle Fighter began the quest for the
                  | Orb.
     0 | D:1      | Reached XP level 1. HP: 14/14 MP: 1/1
   145 | D:1      | Reached XP level 2. HP: 19/19 MP: 2/2
   396 | D:1      | Found a faded altar of an unknown god.
   405 | D:1      | Reached skill level 1 in Dodging
   414 | D:1      | Reached XP level 3. HP: 12/23 MP: 3/3
   988 | D:2      | Slain by an iguana

Illustrated notes

Levels and vault maps discovered:
D:1:      psy_arrival_radial01, layout_loops_ring,
          hellmonk_ecumenical_altar_blasted, kennysheep_another_room,
          minmay_hexomino_c4
D:2:      layout_basic, serial_shops, nicolae_shop_waterfront, basic_altar,
          amcnicky_mini_rare_corridor_liquid, minmay_quantized

Skill      XL: |  1  2 |
---------------+-------+-----
Axes           | 2 |  2.1
Dodging        | 1 |  1.3
Fighting       | |  3.6
Armour         | |  3.6
Shields        | |  3.5

Action                     || total
---------------------------++-------
  Melee: War axe           ||   132
    Use: Potion            ||     4
 Armour: Scale mail        ||    72
         Skin              ||     3
  Dodge: Dodged            ||    61
  Block: Buckler           ||    34

Table legend: (Time is in decaauts)
 A = Elapsed time spent in this place.
 B = Non-inter-level travel time spent in this place.
 C = Inter-level travel time spent in this place.
 D = Time resting spent in this place.
 E = Time spent auto-exploring this place.
 F = Levels seen in this place.
 G = Mean time per level.
                   A        B        C        D        E       F      G
               +--------+--------+--------+--------+--------+-----+--------+
         Total |   1046 |   1046 |      0 |      0 |    489 |   2 |  523.0 |
       Dungeon |   1046 |   1046 |      0 |      0 |    489 |   2 |  523.0 |
               +--------+--------+--------+--------+--------+-----+--------+

Top non-repeatable levels by time:
     D:1: 1019 daAuts
     D:2: 26 daAuts
